[Event "21st Dubai Open 2019"]
[Site "Dubai"]
[Date "2019.04.08"]
[Round "8.34"]
[White "Rathnakaran, K.."]
[Black "San Diego, Jerlyn Mae"]
[Result "1/2-1/2"]
[ECO "B27"]
[WhiteElo "2351"]
[BlackElo "1836"]
[Annotator "NA"]
[PlyCount "104"]
[EventDate "2019.04.01"]
[EventType "swiss"]
[EventCountry "UAE"]
[SourceTitle "playchess.com"]
[Source "ChessBase"]
[SourceQuality "1"]
[TimeControl "5400+30"]

1. e4 c5 2. Nf3 g6 3. h4 h5 (3... h6 4. Bc4 Nc6 5. d3 Bg7 6. Nc3 a6 7. a3 e6 8. Ba2 Nge7 9. Bf4 d6 10. Qd2 b5 11. Nd1 {0-1 (57) Moussard,J (2605)-Lagarde,M (2604) chess.com INT 2019}) 4. c3 Bg7 5. d4 cxd4 6. cxd4 {[%emt 0:00:00] B27: Sicilian: 2 Nf3, unusual Black 2nd moves} d5 7. e5 Nc6 8. Nc3 Bg4 9. Qb3 $146 ({Predecessor:} 9. Be3 Qd7 10. Be2 Nh6 11. Qb3 Rd8 12. Ng5 {½-½ (48) Blit,J (2337)-Lupis,F (1983) Villa Martelli 2014}) 9... Bxf3 10. gxf3 Nxd4 11. Qa4+ Nc6 12. e6 fxe6 13. Bd3 Qa5 14. Bxg6+ Kd7 15. Qxa5 Nxa5 16. Ne2 Nc6 17. Ng3 Nf6 18. f4 e5 19. f5 Nd4 20. Kd1 Rac8 21. Rf1 (21. Be3 $142) 21... Nf3 22. Bg5 Rc4 23. Bxf6 Bxf6 24. Bxh5 Nxh4 25. Bf7 Kd6 26. b3 Rd4+ 27. Ke2 Ng2 28. Rad1 Nf4+ 29. Kf3 Rxd1 30. Rxd1 Rf8 {[%emt 0:01:09] [#]} 31. Bxd5 $1 Nxd5 32. Ke4 e6 33. fxe6 Kxe6 34. Rxd5 Rc8 35. Rd2 Bg5 36. Re2 b5 37. Nf5 a5 38. Ne3 Bxe3 39. fxe3 a4 $11 40. Rh2 axb3 41. axb3 Rc3 42. Rh6+ Kd7 43. b4 Rc4+ 44. Kxe5 Rxb4 45. Rh7+ Kc6 46. e4 Rb1 47. Rh8 b4 48. Rb8 Kc5 49. Rc8+ Kb5 50. Rb8+ Kc5 51. Rc8+ Kb5 52. Rb8+ Kc5 1/2-1/2

[Event "21st Dubai Open 2019"]
[Site "Dubai"]
[Date "2019.04.08"]
[Round "8.35"]
[White "Venkatesh, M.R."]
[Black "Mohannad, Farhan"]
[Result "1/2-1/2"]
[ECO "B06"]
[WhiteElo "2517"]
[BlackElo "2183"]
[Annotator "ChessBase"]
[PlyCount "81"]
[EventDate "2019.04.01"]
[EventType "swiss"]
[EventCountry "UAE"]
[SourceTitle "playchess.com"]
[Source "ChessBase"]
[SourceQuality "1"]
[TimeControl "5400+30"]

1. e4 g6 2. d4 Bg7 3. Nc3 d6 4. Be3 Nf6 5. Nf3 O-O 6. Qd2 c6 7. Bd3 Qc7 8. Bh6 e5 9. dxe5 dxe5 10. Ne2 Nbd7 11. Ng3 Nc5 12. Bxg7 Kxg7 13. Qc3 Nxd3+ 14. cxd3 Re8 15. O-O Bg4 16. Ne1 Rad8 17. Nc2 h5 18. f3 h4 19. Ne2 Bc8 20. h3 b6 21. Rad1 c5 22. f4 Ba6 23. Nb4 Bb5 24. f5 Qe7 25. Nd5 Nxd5 26. exd5 Qg5 27. fxg6 Kxg6 28. Rf3 Rxd5 29. Rdf1 Rd7 30. Kh2 Bc6 31. R3f2 Red8 32. Qc4 Bd5 33. Qa4 Be6 34. Nc3 f5 35. Rf3 a5 36. Qb5 Rd6 37. R1f2 Bd7 38. Qb3 Be6 39. Qb5 Bd7 40. Qb3 Be6 41. Qb5 1/2-1/2

[Event "21st Dubai Open 2019"]
[Site "Dubai"]
[Date "2019.04.08"]
[Round "8.36"]
[White "Mendonca, Leon Luke"]
[Black "Franco Valencia, Angela"]
[Result "1/2-1/2"]
[ECO "A45"]
[WhiteElo "2427"]
[BlackElo "2141"]
[Annotator "NA"]
[PlyCount "71"]
[EventDate "2019.04.01"]
[EventType "swiss"]
[EventCountry "UAE"]
[SourceTitle "playchess.com"]
[Source "ChessBase"]
[SourceQuality "1"]
[TimeControl "5400+30"]

1. d4 Nf6 2. Bg5 c5 3. Bxf6 exf6 4. dxc5 Bxc5 5. e3 O-O (5... d5 6. Nc3 Be6 7. Bd3 Nc6 8. Nge2 O-O 9. O-O Qd7 10. Nd4 Nxd4 11. exd4 Bd6 {½-½ (36) Vitiugov,N (2719)-Cheparinov,I (2709) St Petersburg 2018}) 6. Nd2 {[%emt 0:03:18] A45: Trompowsky Attack} d5 7. Nb3 Bb6 8. Nf3 Nc6 9. Be2 Re8 $146 ({Predecessor:} 9... Bf5 10. c3 Ne5 11. Nbd4 Be4 {½-½ (28) Ludwig,J (2379)-Rohan,A (2390) Charlotte 2018}) 10. O-O Bg4 11. c3 Rc8 12. Qd2 a6 13. Rfe1 Qe7 14. Rad1 Red8 15. Nfd4 Be6 16. Nxc6 bxc6 17. Qc2 a5 18. c4 c5 19. cxd5 Bxd5 20. Nd2 g6 21. Bf3 Be6 22. Nc4 Bc7 23. g3 h5 24. Qc3 a4 25. Qc2 h4 26. Qxa4 hxg3 27. hxg3 Kg7 28. Rxd8 Rxd8 $14 29. b3 Rh8 30. Rd1 Bg4 31. Qc6 Qe6 32. Rd2 Qf5 33. Bxg4 Qxg4 34. Nd6 Bxd6 35. Rxd6 Qe2 36. g4 1/2-1/2

[Event "21st Dubai Open 2019"]
[Site "Dubai"]
[Date "2019.04.08"]
[Round "8.37"]
[White "Thrish, Karthik"]
[Black "Akash G"]
[Result "0-1"]
[ECO "A05"]
[WhiteElo "2096"]
[BlackElo "2414"]
[Annotator "NA"]
[PlyCount "88"]
[EventDate "2019.04.01"]
[EventType "swiss"]
[EventCountry "UAE"]
[SourceTitle "playchess.com"]
[Source "ChessBase"]
[SourceQuality "1"]
[TimeControl "5400+30"]

1. Nf3 Nf6 2. c4 d6 3. d4 g6 4. Nc3 Bg7 5. e4 O-O 6. h3 e5 7. dxe5 dxe5 8. Be3 Nbd7 9. Be2 Nh5 {[%emt 0:01:53] E92: King's Indian: Classical: 6 Be2 e5: 7 dxe5, 7 Be3 and Petrosian System without 7...Nbd7} (9... Qe7 10. O-O c6 11. Qc2 Nh5 12. Rfe1 Nf4 13. Bf1 Qf6 14. Kh2 Re8 15. Ne2 Ne6 16. c5 Qe7 17. b4 a5 18. a3 {½-½ (18) Fedorchuk,S (2641)-Pavlov,S (2485) Minsk 2014}) 10. Bg5 $146 ({Predecessor:} 10. g3 c6 11. Nd2 Nhf6 12. c5 Qe7 13. b4 Rd8 14. Qb1 {½-½ (14) Kourousis,E (2380)-Iwanow,A (2288) Brno 2014}) 10... Bf6 11. Bh6 Re8 12. O-O c6 13. Qd2 Qc7 14. Rfd1 Nf4 15. Bf1 Ne6 16. Be3 a5 17. Rac1 Ndc5 18. Qc2 b6 19. b3 Bb7 20. a3 a4 21. b4 Nb3 $11 22. Nxa4 Nxc1 23. Bxb6 Qb8 24. Rxc1 Bc8 25. c5 Nd4 26. Nxd4 exd4 27. Ba5 Bd8 28. Bxd8 Rxd8 29. Nb6 Rxa3 30. Qb2 Ra7 31. Rd1 Qe5 32. Nxc8 Rxc8 33. Rxd4 Rd7 34. Rd2 Qxb2 35. Rxb2 Rb8 36. f3 Rd1 37. Kf2 Rc1 38. Bd3 Rxc5 39. Ke3 Rc3 40. Kd4 Rc1 41. Bc2 c5+ 42. Ke5 cxb4 43. Kf6 Rb6+ 44. Kg5 Kg7 0-1

[Event "21st Dubai Open 2019"]
[Site "Dubai"]
[Date "2019.04.08"]
[Round "8.38"]
[White "Manush Shah"]
[Black "Sultan, Ibrahim"]
[Result "1-0"]
[ECO "D30"]
[WhiteElo "2405"]
[BlackElo "2121"]
[Annotator "NA"]
[PlyCount "105"]
[EventDate "2019.04.01"]
[EventType "swiss"]
[EventCountry "UAE"]
[SourceTitle "playchess.com"]
[Source "ChessBase"]
[SourceQuality "1"]
[TimeControl "5400+30"]

1. d4 d5 2. c4 e6 3. Nf3 Nf6 4. e3 c6 5. b3 Bb4+ (5... Bd6 6. Bb2 O-O 7. Bd3 Nbd7 8. O-O b6 9. Nbd2 Bb7 10. Ne5 c5 11. cxd5 exd5 12. f4 Re8 13. Qf3 cxd4 14. exd4 {½-½ (63) Riazantsev,A (2649)-Timofeev,A (2589) St Petersburg 2018}) 6. Nbd2 {[%emt 0:00:34] D30: Queen's Gambit Declined: Systems without Nc3} Ne4 7. Bd3 f5 8. O-O Nd7 9. a3 Ba5 10. Bb2 O-O 11. b4 Bc7 12. Qc2 Rf6 13. Ne5 Rh6 $146 14. f4 Nxd2 15. Qxd2 Nxe5 16. fxe5 dxc4 17. Bxc4 Bxe5 18. g3 g6 19. e4 Rh5 20. exf5 gxf5 21. Qe3 Bg7 22. Bxe6+ Bxe6 23. Qxe6+ Kh8 24. Rf4 $11 Qb6 25. Re1 Rf8 {[%emt 0:01:36] [#]} 26. Qd7 $1 Rh6 27. Rxf5 Rhf6 28. Rxf6 Bxf6 29. Qd6 Bg7 30. Qc5 Qd8 31. Re4 a6 32. Bc3 Qd7 33. d5 Qf5 34. Bxg7+ Kxg7 35. Qd4+ Qf6 36. Re7+ Kg8 37. Qxf6 Rxf6 38. dxc6 bxc6 39. Ra7 Rd6 40. Rxa6 Kf7 41. Kg2 Rd2+ 42. Kh3 Rc2 43. a4 Rc4 44. b5 cxb5 45. axb5 Rb4 46. Rb6 Kg7 47. g4 h6 48. Kg3 Rb2 49. h4 Rb4 50. h5 Rb1 51. Rg6+ Kh7 52. b6 Rb4 53. Kf3 1-0

[Event "21st Dubai Open 2019"]
[Site "Dubai"]
[Date "2019.04.09"]
[Round "9.2"]
[White "Kuzubov, Yuriy"]
[Black "Iturrizaga Bonelli, Eduardo"]
[Result "1/2-1/2"]
[ECO "A05"]
[WhiteElo "2653"]
[BlackElo "2633"]
[Annotator "ChessBase"]
[PlyCount "32"]
[EventDate "2019.04.01"]
[EventType "swiss"]
[EventCountry "UAE"]
[SourceTitle "playchess.com"]
[Source "ChessBase"]
[SourceQuality "1"]
[TimeControl "5400+30"]

1. Nf3 Nf6 2. c4 b6 3. Nc3 Bb7 4. d4 e6 5. a3 d5 6. Bg5 Be7 7. e3 O-O 8. Rc1 Nbd7 9. cxd5 exd5 10. Be2 c5 11. O-O Rc8 12. dxc5 bxc5 13. Qb3 Qb6 14. Qxb6 Nxb6 15. Rfd1 Rfd8 16. h3 Kf8 1/2-1/2

[Event "21st Dubai Open 2019"]
[Site "Dubai"]
[Date "2019.04.09"]
[Round "9.3"]
[White "Abdusattorov, Nodirbek"]
[Black "Mchedlishvili, Mikheil"]
[Result "1/2-1/2"]
[ECO "B13"]
[WhiteElo "2578"]
[BlackElo "2610"]
[Annotator "ChessBase"]
[PlyCount "37"]
[EventDate "2019.04.01"]
[EventType "swiss"]
[EventCountry "UAE"]
[SourceTitle "playchess.com"]
[Source "ChessBase"]
[SourceQuality "1"]
[TimeControl "5400+30"]

1. e4 c6 2. d4 d5 3. exd5 cxd5 4. Nf3 Nf6 5. Ne5 g6 6. Bb5+ Nbd7 7. O-O Bg7 8. Re1 O-O 9. Nc3 e6 10. Bf1 a6 11. Bf4 Nh5 12. Nxd7 Bxd7 13. Be5 Rc8 14. Bxg7 Nxg7 15. Ne2 Ba4 16. Nc3 Bd7 17. Ne2 Ba4 18. Nc3 Bd7 19. Ne2 1/2-1/2

[Event "21st Dubai Open 2019"]
[Site "Dubai"]
[Date "2019.04.09"]
[Round "9.5"]
[White "Tabatabaei, M.amin"]
[Black "Sanal, Vahap"]
[Result "0-1"]
[ECO "C54"]
[WhiteElo "2612"]
[BlackElo "2513"]
[Annotator "ChessBase"]
[PlyCount "96"]
[EventDate "2019.04.01"]
[EventType "swiss"]
[EventCountry "UAE"]
[SourceTitle "playchess.com"]
[Source "ChessBase"]
[SourceQuality "1"]
[TimeControl "5400+30"]

1. e4 e5 2. Nf3 Nc6 3. Bc4 Bc5 4. c3 Nf6 5. d4 exd4 6. e5 d5 7. Bb5 Ne4 8. cxd4 Bb6 9. Nc3 O-O 10. Be3 Bg4 11. h3 Bh5 12. Qc2 Bg6 13. Qb3 Ne7 14. O-O c6 15. Bd3 Nd2 16. Nxd2 Bxd3 17. Rfe1 Bg6 18. Na4 Nf5 19. Qc3 h6 20. Rac1 f6 21. Nf3 Nxe3 22. Rxe3 Be4 23. Nxb6 axb6 24. Nd2 fxe5 25. dxe5 Bg6 26. Rg3 Bh7 27. a3 Kh8 28. b4 d4 29. Qc4 b5 30. Qc5 d3 31. e6 Rf5 32. Qe3 Qe7 33. Re1 Rxa3 34. Nf3 Rf6 35. Nd4 Ra8 36. Rg4 Re8 37. h4 Qxb4 38. f3 Qe7 39. Rf4 c5 40. Nxb5 Rxe6 41. Qxe6 Qxe6 42. Rxe6 Rxe6 43. Rf8+ Bg8 44. Rd8 c4 45. f4 Rb6 46. Nc3 Rb3 47. Ne4 c3 48. Kf2 c2 0-1

[Event "21st Dubai Open 2019"]
[Site "Dubai"]
[Date "2019.04.09"]
[Round "9.10"]
[White "Deepan Chakkravarthy J."]
[Black "Yilmaz, Mustafa"]
[Result "1-0"]
[ECO "B23"]
[WhiteElo "2534"]
[BlackElo "2631"]
[Annotator "ChessBase"]
[PlyCount "107"]
[EventDate "2019.04.01"]
[EventType "swiss"]
[EventCountry "UAE"]
[SourceTitle "playchess.com"]
[Source "ChessBase"]
[SourceQuality "1"]
[TimeControl "5400+30"]

1. e4 c5 2. Nc3 d6 3. d4 cxd4 4. Qxd4 Nc6 5. Qd2 g6 6. b3 Bh6 7. f4 Nf6 8. Bb2 O-O 9. O-O-O a5 10. a4 e5 11. g3 exf4 12. gxf4 Nh5 13. Nge2 Qh4 14. Nd5 Be6 15. Kb1 Bxd5 16. exd5 Ne5 17. Qd4 Nxf4 18. Qb6 Qe7 19. Ng3 f5 20. h4 Bg7 21. Re1 Nxd5 22. Qd4 Nc7 23. h5 Rf7 24. hxg6 hxg6 25. Bc4 Ne6 26. Qd5 Re8 27. Bb5 Rc8 28. Qg2 Qg5 29. Qh2 Kf8 30. Qf2 Nc5 31. Rh7 f4 32. Ne2 Ne4 33. Qd4 Qf5 34. Nxf4 Qxf4 35. Rxe4 Qf6 36. Qd1 Kg8 37. Reh4 g5 38. Rh1 Qg6 39. Bd3 Qe6 40. Qh5 Qf6 41. Be4 Rc5 42. Bxb7 g4 43. Be4 Kf8 44. Qh2 Qf4 45. Qe2 g3 46. Qa6 Qxe4 47. Qxd6+ Kg8 48. Qxc5 g2 49. Qc8+ Bf8 50. Rh8+ Kg7 51. Bxe5+ Qxe5 52. Qg4+ Kf6 53. Qxg2 Bg7 54. Qc6+ 1-0

[Event "21st Dubai Open 2019"]
[Site "Dubai"]
[Date "2019.04.09"]
[Round "9.12"]
[White "Haug, Johannes"]
[Black "Santos Ruiz, Miguel"]
[Result "1/2-1/2"]
[ECO "B51"]
[WhiteElo "2424"]
[BlackElo "2555"]
[Annotator "ChessBase"]
[PlyCount "62"]
[EventDate "2019.04.01"]
[EventType "swiss"]
[EventCountry "UAE"]
[SourceTitle "playchess.com"]
[Source "ChessBase"]
[SourceQuality "1"]
[TimeControl "5400+30"]

1. e4 c5 2. Nf3 d6 3. Bb5+ Nd7 4. d4 cxd4 5. Qxd4 a6 6. Bxd7+ Bxd7 7. O-O e5 8. Qd3 Qc7 9. Nc3 Rc8 10. a4 h6 11. Rd1 Be6 12. Nd2 g6 13. Nf1 f5 14. Ne3 Ne7 15. Bd2 f4 16. Ned5 Nxd5 17. Nxd5 Qxc2 18. Qf3 Bxd5 19. Rac1 Qxe4 20. Rxc8+ Kd7 21. Qxe4 Bxe4 22. Ra8 Bc6 23. Bb4 Bxa4 24. Rd2 Ke6 25. Bxd6 Bg7 26. Rxh8 Bxh8 27. f3 Bc6 28. Bc5 Bd5 29. Kf2 h5 30. h4 Bf6 31. g3 fxg3+ 1/2-1/2

[Event "21st Dubai Open 2019"]
[Site "Dubai"]
[Date "2019.04.09"]
[Round "9.13"]
[White "Sundararajan, Kidambi"]
[Black "Bellahcene, Bilel"]
[Result "1/2-1/2"]
[ECO "E01"]
[WhiteElo "2413"]
[BlackElo "2538"]
[Annotator "ChessBase"]
[PlyCount "78"]
[EventDate "2019.04.01"]
[EventType "swiss"]
[EventCountry "UAE"]
[SourceTitle "playchess.com"]
[Source "ChessBase"]
[SourceQuality "1"]
[TimeControl "5400+30"]

1. d4 Nf6 2. c4 e6 3. g3 d5 4. Bg2 dxc4 5. Qa4+ c6 6. Qxc4 b5 7. Qd3 Bb7 8. Be3 Nbd7 9. Nh3 Qb6 10. O-O c5 11. dxc5 Bxc5 12. Bxb7 Qxb7 13. Bxc5 Nxc5 14. Qe3 Rc8 15. Rc1 Nd5 16. Qd4 O-O 17. Nd2 Qb6 18. Ne4 Nxe4 19. Qxe4 Nf6 20. Qf4 h6 21. Rxc8 Rxc8 22. Rc1 Rd8 23. Qb4 e5 24. Qe7 Qd4 25. Rc7 Qd1+ 26. Kg2 Qd5+ 27. f3 Re8 28. Qc5 Qd2 29. Qc2 Rd8 30. Nf2 Qxc2 31. Rxc2 Nd5 32. Rc5 Ne3+ 33. Kh3 f6 34. Rc3 Nf5 35. e4 Nd4 36. Kg2 a6 37. Ng4 b4 38. Rc4 b3 39. axb3 Nxb3 1/2-1/2

[Event "21st Dubai Open 2019"]
[Site "Dubai"]
[Date "2019.04.09"]
[Round "9.15"]
[White "Dhulipalla Bala Chandra Prasa"]
[Black "Yeoh, Li Tian"]
[Result "1/2-1/2"]
[ECO "E68"]
[WhiteElo "2384"]
[BlackElo "2522"]
[Annotator "ChessBase"]
[PlyCount "80"]
[EventDate "2019.04.01"]
[EventType "swiss"]
[EventCountry "UAE"]
[SourceTitle "playchess.com"]
[Source "ChessBase"]
[SourceQuality "1"]
[TimeControl "5400+30"]

1. d4 Nf6 2. Nf3 g6 3. g3 Bg7 4. Bg2 O-O 5. c4 d6 6. O-O Nbd7 7. Nc3 e5 8. e4 exd4 9. Nxd4 c6 10. h3 Re8 11. Re1 a5 12. b3 Nc5 13. Bf4 h6 14. Qc2 Nh5 15. Be3 f5 16. exf5 Rxe3 17. fxe3 Nxg3 18. fxg6 Qh4 19. Rad1 Bxh3 20. Bxh3 Qxh3 21. Qg2 Qh4 22. Nce2 Nce4 23. Nxg3 Nxg3 24. Nf3 Qg4 25. Kh2 Rf8 26. Qxg3 Qxf3 27. Qxf3 Rxf3 28. c5 d5 29. e4 Bc3 30. exd5 Bxe1 31. dxc6 bxc6 32. Rxe1 Kg7 33. Re6 Rf6 34. Re7+ Kxg6 35. Ra7 Rf2+ 36. Kg1 Rxa2 37. Ra6 Kf5 38. Rxc6 Rb2 39. Ra6 Rxb3 40. Rxa5 Ke5 1/2-1/2

[Event "21st Dubai Open 2019"]
[Site "Dubai"]
[Date "2019.04.09"]
[Round "9.16"]
[White "Raghunandan, Kaumandur Srihari"]
[Black "Chanda, Sandipan"]
[Result "1-0"]
[ECO "B12"]
[WhiteElo "2370"]
[BlackElo "2521"]
[Annotator "ChessBase"]
[PlyCount "103"]
[EventDate "2019.04.01"]
[EventType "swiss"]
[EventCountry "UAE"]
[SourceTitle "playchess.com"]
[Source "ChessBase"]
[SourceQuality "1"]
[TimeControl "5400+30"]

1. e4 c6 2. d4 d5 3. e5 c5 4. dxc5 e6 5. a3 Bxc5 6. Nf3 Ne7 7. b4 Bb6 8. Bb2 Nbc6 9. Bd3 Ng6 10. O-O Nf4 11. c4 Bc7 12. Re1 dxc4 13. Bxc4 Qxd1 14. Rxd1 Ng6 15. Re1 O-O 16. Nbd2 Rd8 17. Nb3 a5 18. b5 a4 19. Nc5 Bb6 20. Ne4 Na5 21. Bf1 Bd7 22. Nd6 Bc5 23. Rad1 Bxd6 24. Rxd6 Be8 25. Re4 Rxd6 26. exd6 Nb3 27. Rc4 Bxb5 28. Rc7 Bxf1 29. d7 Ne7 30. Kxf1 Rd8 31. Nd4 b6 32. Bc3 Nc5 33. Bb4 Kf8 34. Nc6 Rxd7 35. Rxd7 Nxd7 36. Bxe7+ Ke8 37. Ke2 Nb8 38. Nxb8 Kxe7 39. Kd3 Kd6 40. Kc4 e5 41. Na6 f5 42. Nb4 g5 43. Kb5 e4 44. Kxb6 f4 45. Kb5 Ke5 46. Kxa4 f3 47. gxf3 exf3 48. Kb3 h5 49. Kc3 h4 50. Kd3 Kf4 51. a4 g4 52. a5 1-0

[Event "21st Dubai Open 2019"]
[Site "Dubai"]
[Date "2019.04.09"]
[Round "9.19"]
[White "Sadhwani, Raunak"]
[Black "Assaubayeva, Bibisara"]
[Result "1/2-1/2"]
[ECO "D02"]
[WhiteElo "2475"]
[BlackElo "2381"]
[Annotator "ChessBase"]
[PlyCount "83"]
[EventDate "2019.04.01"]
[EventType "swiss"]
[EventCountry "UAE"]
[SourceTitle "playchess.com"]
[Source "ChessBase"]
[SourceQuality "1"]
[TimeControl "5400+30"]

1. d4 d5 2. Nf3 Nf6 3. Bf4 Bf5 4. e3 e6 5. Be2 Bd6 6. Ne5 Nfd7 7. g4 Be4 8. f3 Bg6 9. h4 Bxe5 10. dxe5 h5 11. Bg5 f6 12. exf6 gxf6 13. gxh5 fxg5 14. hxg6 gxh4 15. Qd4 Qf6 16. Qb4 b6 17. Nc3 Nc5 18. Nb5 Nc6 19. Qa3 Kd7 20. O-O-O a6 21. Nc3 Qxg6 22. Rhg1 Qh6 23. f4 Kc8 24. b4 Nb7 25. b5 Ncd8 26. bxa6 Nc5 27. Na4 Ne4 28. Nc3 Nc5 29. Na4 Ne4 30. Bd3 Qf8 31. Qb2 Qf6 32. Bxe4 Qxb2+ 33. Kxb2 dxe4 34. Nc3 Rxa6 35. Nxe4 Ra5 36. Rg5 Rf5 37. Rxf5 exf5 38. Ng5 Re8 39. Re1 Ne6 40. Nf3 h3 41. Rh1 Nc5 42. Ne5 1/2-1/2

[Event "21st Dubai Open 2019"]
[Site "Dubai"]
[Date "2019.04.09"]
[Round "9.20"]
[White "Darini, Pouria"]
[Black "Mulenga, Prince Daniel"]
[Result "1/2-1/2"]
[ECO "A45"]
[WhiteElo "2455"]
[BlackElo "2252"]
[Annotator "ChessBase"]
[PlyCount "74"]
[EventDate "2019.04.01"]
[EventType "swiss"]
[EventCountry "UAE"]
[SourceTitle "playchess.com"]
[Source "ChessBase"]
[SourceQuality "1"]
[TimeControl "5400+30"]

1. d4 Nf6 2. Bf4 g6 3. Nc3 Bg7 4. e4 d6 5. Qd2 c6 6. Nf3 h6 7. h3 b5 8. Bd3 Nfd7 9. e5 dxe5 10. Nxe5 Qb6 11. Nf3 b4 12. Ne4 Ba6 13. O-O Bxd3 14. cxd3 g5 15. Bh2 Na6 16. Rac1 O-O 17. h4 f5 18. Nc5 Ndxc5 19. dxc5 Nxc5 20. hxg5 Rad8 21. Qe3 Nxd3 22. Qe6+ Kh8 23. Rxc6 Qb5 24. Nh4 hxg5 25. Ng6+ Kh7 26. Nxf8+ Rxf8 27. Rc7 Bf6 28. Rxe7+ Bxe7 29. Qxe7+ Kg8 30. Qxg5+ Kh7 31. Rd1 Re8 32. Bd6 Re4 33. Qg3 Nxb2 34. Bf8 Qb7 35. Rd8 Rg4 36. Qh3+ Kg6 37. Qh6+ Kf7 1/2-1/2

[Event "21st Dubai Open 2019"]
[Site "Dubai"]
[Date "2019.04.09"]
[Round "9.21"]
[White "Quizon, Daniel"]
[Black "Divya Deshmukh"]
[Result "1/2-1/2"]
[ECO "B23"]
[WhiteElo "2340"]
[BlackElo "2432"]
[Annotator "NA"]
[PlyCount "91"]
[EventDate "2019.04.01"]
[EventType "swiss"]
[EventCountry "UAE"]
[SourceTitle "playchess.com"]
[Source "ChessBase"]
[SourceQuality "1"]
[TimeControl "5400+30"]

1. e4 c5 2. Nc3 Nc6 3. Nge2 Nd4 4. Nxd4 cxd4 5. Ne2 e5 6. c3 dxc3 7. Nxc3 Bc5 8. Bc4 Nf6 9. O-O O-O 10. d3 h6 11. Kh1 d6 12. f4 Be6 13. f5 Bxc4 14. dxc4 Bd4 15. Nd5 Rc8 16. Nxf6+ (16. Qd3 $11) 16... Qxf6 $15 17. Qd3 b6 18. Rb1 Rc6 19. a4 Rfc8 20. b3 a6 21. Bd2 Rb8 22. Rf3 b5 23. cxb5 axb5 24. a5 b4 25. Rh3 d5 26. exd5 Rc5 27. Qe4 Rxa5 28. Qg4 Rba8 29. Rf3 Rxd5 30. Bxb4 Rd7 31. Rbf1 Bb2 32. Bc5 Rad8 33. Rg3 Bd4 34. Bb4 Bf2 35. Ba5 Bxg3 36. Bxd8 Rxd8 37. hxg3 Rd3 38. Rb1 Qd6 39. Kh2 Rd4 40. Qe2 e4 41. Rf1 Qd5 42. Rf4 Kh7 43. Qe3 Rb4 44. Qe1 Rxb3 45. Qxe4 Qxe4 46. Rxe4 1/2-1/2

[Event "21st Dubai Open 2019"]
[Site "Dubai"]
[Date "2019.04.09"]
[Round "9.23"]
[White "Tokhirjonova, Gulrukhbegim"]
[Black "Praveen Kumar C"]
[Result "1-0"]
[ECO "B90"]
[WhiteElo "2427"]
[BlackElo "2225"]
[Annotator "NA"]
[PlyCount "127"]
[EventDate "2019.04.01"]
[EventType "swiss"]
[EventCountry "UAE"]
[SourceTitle "playchess.com"]
[Source "ChessBase"]
[SourceQuality "1"]
[TimeControl "5400+30"]

1. e4 c5 2. Nf3 d6 3. d4 cxd4 4. Nxd4 Nf6 5. Nc3 a6 6. a4 e5 7. Nf3 Be7 8. Bg5 Bg4 9. Bxf6 Bxf6 10. Nd5 Nd7 11. Ne3 Bxf3 12. Qxf3 Qb6 13. Nc4 Qc6 14. Bd3 $14 Nc5 15. O-O O-O 16. a5 Bd8 17. Rfd1 b5 18. axb6 Bxb6 19. Bf1 Rfd8 20. Rd5 Ne6 21. Qd1 Bc5 22. c3 a5 23. Rxa5 Rxa5 24. Nxa5 Qb6 25. Nc4 Bxf2+ 26. Kh1 Qb7 27. b4 Ra8 28. Nxd6 Qe7 29. Qf3 Ra2 30. Bc4 Ra1+ 31. Rd1 Rxd1+ 32. Qxd1 Bb6 33. Nc8 Qc7 34. Nxb6 Qxb6 35. Bxe6 fxe6 36. Qe2 Qc6 37. c4 Qa4 38. Qe1 Qc2 39. c5 h6 40. h3 Kh7 41. Kh2 Kg8 42. Qh4 Kh7 43. Qe1 Kg8 44. Qe3 Qc4 45. Qd2 Kf7 46. Qd7+ Kf6 47. Qd8+ Kf7 48. Qd7+ Kf6 49. Qe8 Qxe4 50. Qf8+ Kg6 51. b5 Qb4 52. b6 e4 53. Qf4 Kh7 54. Qe5 Kh8 55. Qb8+ Kh7 56. Qf4 Kg8 57. Qd6 Kh7 58. Qxe6 Qxc5 59. Qxe4+ Kh8 60. b7 Qd6+ 61. Kg1 Qd1+ 62. Kf2 Qd2+ 63. Kg3 Qd6+ 64. Qf4 1-0

[Event "21st Dubai Open 2019"]
[Site "Dubai"]
[Date "2019.04.09"]
[Round "9.24"]
[White "Raahul V S"]
[Black "Saurabh Anand"]
[Result "1-0"]
[ECO "A13"]
[WhiteElo "2252"]
[BlackElo "2385"]
[Annotator "NA"]
[PlyCount "102"]
[EventDate "2019.04.01"]
[EventType "swiss"]
[EventCountry "UAE"]
[SourceTitle "playchess.com"]
[Source "ChessBase"]
[SourceQuality "1"]
[TimeControl "5400+30"]

1. c4 e6 2. g3 d5 3. Bg2 Nf6 4. Nf3 dxc4 5. Na3 Bxa3 6. bxa3 O-O 7. Bb2 {[%emt 0:00:03] A13: English Opening: 1...e6} c5 (7... Nc6 8. Rc1 Re8 9. Rxc4 e5 10. Qa1 Be6 11. Rh4 Bd5 12. d3 Nd7 13. O-O f6 14. Rc1 Qe7 15. Bh3 Be6 16. Bg2 Bd5 17. Bh3 Be6 18. Bg2 {½-½ (18) Iturrizaga Bonelli,E (2652)-Ferreira,J (2522) Maia 2018}) 8. Ne5 Nbd7 $146 ({Predecessor:} 8... Nd5 9. Nxc4 Nc6 10. O-O b6 11. Rc1 Bb7 12. d4 b5 13. Ne5 Nxe5 14. dxe5 Rc8 {½-½ (27) Barrantes Munoz,H (2211)-Bykov,A (2337) Seville 2012}) 9. Nxc4 Qe7 10. O-O Rb8 11. a4 b6 12. Ne5 Qd6 13. Nc6 Rb7 14. d4 Rc7 15. dxc5 Qxd1 16. Rfxd1 Nxc5 17. Be5 Rd7 18. Bd6 Nxa4 19. Bxf8 Kxf8 20. Nxa7 Nc3 21. Rxd7 Bxd7 22. Bf3 Nfd5 23. e4 Nb4 24. a3 Nd3 25. Kf1 ({White should try} 25. Bd1 $18) 25... e5 26. a4 Nxa4 27. Be2 $16 Ndc5 28. f3 Nb3 29. Ra3 Nd4 30. Kf2 Nc5 31. Nc8 b5 32. Ra8 Bc6 33. Ra7 b4 34. Nd6 Bd7 35. Ra5 Na4 36. Bb5 b3 37. Bxd7 b2 38. Rxe5 g6 39. Re8+ Kg7 40. Rb8 Nc3 41. Ba4 b1=Q 42. Rxb1 Nxb1 43. Ke3 Nc3 44. Be8 Ne6 45. Kd3 Nd1 46. Bxf7 Kf6 47. Bxe6 Kxe6 48. Nc4 g5 49. Kd2 Nf2 50. Ke2 Nh3 51. Kf1 h5 1-0

[Event "21st Dubai Open 2019"]
[Site "Dubai"]
[Date "2019.04.09"]
[Round "9.25"]
[White "Harsha Bharathakoti"]
[Black "Bharath Subramaniyam H"]
[Result "1-0"]
[ECO "A45"]
[WhiteElo "2497"]
[BlackElo "2301"]
[Annotator "ChessBase"]
[PlyCount "105"]
[EventDate "2019.04.01"]
[EventType "swiss"]
[EventCountry "UAE"]
[SourceTitle "playchess.com"]
[Source "ChessBase"]
[SourceQuality "1"]
[TimeControl "5400+30"]

1. d4 Nf6 2. Bg5 Ne4 3. Bf4 c5 4. f3 Qa5+ 5. c3 Nf6 6. d5 e6 7. e4 exd5 8. exd5 d6 9. Qd2 Be7 10. c4 Qxd2+ 11. Nxd2 b5 12. O-O-O Nbd7 13. g4 Nb6 14. b3 Kd8 15. Bd3 Rb8 16. Ne2 bxc4 17. Nxc4 Kc7 18. Nxb6 Rxb6 19. Nc3 Bd7 20. Rhe1 Re8 21. h4 Rbb8 22. Kc2 h6 23. Bc4 Bf8 24. a4 g6 25. Kd2 Kb7 26. Bh2 a6 27. Rb1 Rxe1 28. Rxe1 Re8 29. Rb1 Bc8 30. b4 cxb4 31. Rxb4+ Kc7 32. g5 hxg5 33. hxg5 Nd7 34. Ne4 Ne5 35. Be2 Bb7 36. Nf6 Rb8 37. f4 Nd7 38. Nxd7 Kxd7 39. Bxa6 Kc7 40. Bxb7 Rxb7 41. Kc3 Rxb4 42. Kxb4 Kb6 43. Bg1+ Ka6 44. Bd4 Be7 45. Bf6 Bf8 46. a5 Kb7 47. Kb5 Kc7 48. a6 Kb8 49. Kb6 Ka8 50. a7 Bg7 51. Bxg7 f5 52. gxf6 g5 53. f7 1-0